 Dungeon Crawl Stone Soup version 0.21-a0-508-gf08a75f (webtiles) character file.

54 Gerstahl the Skirmisher (level 3, 0/34 HPs)
             Began as a Naga Skald on Nov 28, 2017.
             Slain by a gnoll
             ... wielding a cursed -3 halberd
              (11 damage)
             ... on level 2 of the Dungeon.
             The game lasted 00:04:50 (1450 turns).

Gerstahl the Skirmisher (Naga Skald)                Turns: 1450, Time: 00:04:52

Health: 0/34       AC:  2    Str: 14    XL:     3   Next: 91%
Magic:  0/6        EV:  9    Int: 13    God:
Gold:   94         SH:  0    Dex: 10    Spells: 5/6 levels left

rFire    . . .     SeeInvis +   a - +0 falchion
rCold    . . .     Gourm    .   (no shield)
rNeg     . . .     Faith    .   b - +0 leather armour
rPois    +         Spirit   .   (no helmet)
rElec    .         Reflect  .   (no cloak)
rCorr    .         Harm     .   (no gloves)
MR       .....                  (no barding)
Stlth    ..........             (no amulet)
HPRegen  0.11/turn              e - ring of loudness (curse)
MPRegen  0.10/turn              (no ring)

@: short of breath, very slow
A: large, see invisible, deformed body, poison resistance, slowness 2, slow
metabolism 1, spit poison 1, AC +1
a: Spit Poison


You were on level 2 of the Dungeon.
You were not hungry.

You visited 1 branch of the dungeon, and saw 2 of its levels.

You collected 94 gold pieces.

Inventory:

Hand Weapons
 a - a +0 falchion (weapon)
Armour
 b - a +0 leather armour (worn)
Jewellery
 e - a cursed ring of loudness (left hand)
 l - an uncursed amulet of faith
Scrolls
 k - a scroll of fog {unknown}
 m - a scroll of amnesia {unknown}
 n - a scroll of noise {unknown}
 o - a scroll of remove curse {unknown}
 q - a scroll of fear {unknown}
 r - a scroll of identify {unknown}
Potions
 h - 2 potions of curing {unknown}
 i - a potion of agility {unknown}
 j - a potion of haste {unknown}
 s - a potion of mutation {unknown}
Books
 c - a book of Battle

   Spells                             Type                      Level
   a - Infusion                       Charms                       1
   b - Shroud of Golubria             Charms/Translocation         2
   c - Song of Slaying                Charms                       2
   d - Spectral Weapon                Hexes/Charms                 3
   e - Regeneration                   Charms/Necromancy            3
Comestibles
 d - a bread ration
 f - 3 royal jellies
 g - 2 fruits


   Skills:
 + Level 3.2 Fighting
 + Level 3.1 Long Blades
 - Level 0.7 Armour
 - Level 1.5 Dodging
 - Level 2.0 Spellcasting
 - Level 3.0 Charms


You had 5 spell levels left.
You knew the following spells:

 Your Spells              Type           Power        Failure   Level  Hunger
a - Infusion              Chrm           #...         10%         1    ##.....


Dungeon Overview and Level Annotations

Branches:
Dungeon (2/15)

Altars:


Innate Abilities, Weirdness & Mutations

You cannot wear boots.
Your serpentine skin is tough. (AC +1)
You have supernaturally acute eyesight. (SInv)
Armour fits poorly on your strangely shaped body.
Your system is resistant to poisons. (rPois)
You cover ground very slowly.
You have a slow metabolism.
You can spit poison.


Message History

You hit the gnoll.
You kill the gnoll!
You are no longer magically infusing your attacks.
You hit the goblin.
You kill the goblin!
Press: ? - help, Shift-Dir - straight line, f - gnoll
Aim: a gnoll, wielding an enchanted halberd The splash of poison hits the gnoll.
The gnoll is poisoned.
The gnoll is moderately wounded.
You feel slightly more hungry. The gnoll misses you.
The gnoll barely misses you.
You hit the gnoll but do no damage.
The gnoll is heavily wounded.
The gnoll barely misses you. The gnoll hits you but does no damage.
You closely miss the gnoll.
The gnoll is heavily wounded.
The gnoll barely misses you.
You riposte.
You barely miss the gnoll.
The gnoll is severely wounded.
The gnoll hits you from afar with an enchanted halberd!
You die...

......
#...#.#
......
#.#####
.g..g.# #.#
.g..... #.#
.g.....####.#
....gg...##.#
......##.##.#
..... #g##.#
#### #.g@.#
######


You could see 2 gnolls.

Vanquished Creatures
  2 gnolls (D:2)
  A worm (D:2)
  3 dart slugs
  A leopard gecko (D:1)
  4 bats
  2 giant cockroaches
  5 goblins
  4 hobgoblins
  A quokka (D:2)
  A frilled lizard (D:1)
  A rat (D:2)
25 creatures vanquished.

Notes
Turn   | Place    | Note
-------+----------+-------------------------------------------
     0 | D:1      | Gerstahl the Naga Skald began the quest for the Orb.
     0 | D:1      | Reached XP level 1. HP: 19/19 MP: 3/3
   379 | D:1      | Reached XP level 2. HP: 27/27 MP: 5/5
   989 | D:2      | Reached XP level 3. HP: 21/33 MP: 1/6
  1178 | D:2      | Found a faded altar of an unknown god.
  1450 | D:2      | Slain by a gnoll

Vault maps used:
D:1:      denvon_arrival_hothouse
D:2:      chequers_ecumenical_altar_simple_redux

Skill      XL: |  1  2  3 |
---------------+----------+-----
Fighting       | 3 |  3.2
Long Blades    | 3 |  3.1
Armour         | |  0.7
Dodging        | |  1.5
Spellcasting   | |  2.0
Charms         | |  3.0

Action                   || total
-------------------------++-------
Melee: Falchion          ||    61
 Cast: Infusion          ||     3
 Abil: Spit Poison       ||    16
  Eat: Chunk             ||     2
Armor: Leather armour    ||     9
Dodge: Dodged            ||    37
       Rpst.: Falchion   ||    11

Table legend:
 A = Spawn XP
 B = Non-spawn XP
 C = Spawn XP percentage of total XP
 D = Spawn monster count
 E = Non-spawn monster count
 F = Spawn count percentage of total count
 G = Total turns spent on level
                    A         B        C        D         E        F      G
               +---------+---------+-------+---------+---------+-------+---------
         Total |       0 |      78 |   0.0 |       0 |      25 |   0.0 |  1450
               +---------+---------+-------+---------+---------+-------+---------
           D:1 |       0 |      21 |   0.0 |       0 |      10 |   0.0 |   895
           D:2 |       0 |      57 |   0.0 |       0 |      15 |   0.0 |   555
               +---------+---------+-------+---------+---------+-------+---------
